AoeStats
← daniloangst

Arena

508866149Analyzed
4v4 RM · 7d ago on Sep 24, 2026· 32m 10s· 8 players
Game mode
Random Map
Map size
Large (8 player)
Population
200
Speed
Normal
Resources
Standard
Victory
Conquest
Starting age
Dark Age
Ending age
Imperial Age
RankedLock teamsTeams togetherTeam positionsShared explorationLock speedFull tech treeHidden civsTurbo modeCheats
Victory
Defeat
🇹🇼 Japanese · Taiwan
1248
+15
🇹🇼 Wu · Taiwan
1240
+15
🇹🇼 Persians · Taiwan
1232
+16
🇹🇼 Danes · Taiwan
1231
+16
🇨🇭 Celts · Switzerland
1235
-16
🇪🇸 Maya · Spain
1227
-16
🇨🇳 Burgundians · China
1225
-15
🇿🇦 Persians · South Africa
1203
-15
LLK是给
3:34 Double-Bit Axe
6:58 Horse Collar
11:14 Feudal Age
12:20 Bow Saw
14:54 Castle Age
14:08 Loom
Ruviel
9:58 Feudal Age
13:59 Castle Age
12:26 Double-Bit Axe
12:54 Horse Collar
15:51 Scale Barding Armor
23:26 Wheelbarrow
22:41 Loom
22:46 Town Watch
23:45 Bloodlines
26:23 Gold Mining
27:25 Scale Barding Armor
28:32 Chain Barding Armor
daniloangst
2:57 Loom
9:34 Feudal Age
16:19 Castle Age
15:44 Double-Bit Axe
15:47 Horse Collar
16:25 Scale Mail Armor
18:08 Bow Saw
20:25 Elite Skirmisher
21:38 Fletching
22:08 Padded Archer Armor
23:36 Bodkin Arrow
26:06 Wheelbarrow
25:19 Town Watch
26:17 Pikeman
27:59 Hand Cart
28:33 Leather Archer Armor
30:26 Chain Mail Armor
Ricardo Corazon de León
0:32 Loom
11:28 Feudal Age
12:14 Double-Bit Axe
12:57 Stone Mining
16:44 Castle Age
15:02 Gold Mining
16:22 Fletching
16:25 Horse Collar
18:14 Bow Saw
20:09 Heavy Plow
23:13 Bodkin Arrow
25:03 Wheelbarrow
Maybel
11:07 Feudal Age
12:25 Loom
15:00 Castle Age
13:49 Double-Bit Axe
21:45 Fletching
25:25 Bodkin Arrow
25:43 Gold Mining
29:59 Red Cliffs Tactics
30:49 Gold Shaft Mining
31:18 Padded Archer Armor
那你就祈禱吧
10:53 Feudal Age
11:07 Loom
15:03 Castle Age
12:58 Double-Bit Axe
12:57 Horse Collar
16:48 Bow Saw
18:50 Arson
19:27 Squires
21:57 Forging
28:34 Iron Casting
27:48 Gambesons
31:18 Scale Mail Armor
30:52 Hamask
花落丶尽执何手
10:30 Feudal Age
11:39 Loom
14:18 Castle Age
12:21 Double-Bit Axe
12:44 Horse Collar
15:24 Wheelbarrow
15:00 Bow Saw
20:13 Fervor
24:29 Heavy Plow
24:27 Gold Mining
24:28 Stone Mining
29:00 Imperial Age
27:08 Forging
27:04 Scale Barding Armor
27:29 Hand Cart
27:50 Bloodlines
28:02 Husbandry
28:40 Iron Casting
29:51 Gold Shaft Mining
29:52 Stone Shaft Mining
30:20 Two-Man Saw
29:52 Crop Rotation
28:49 Cavalier
30:39 Savar
32:20 Conscription
MaybeI
11:02 Feudal Age
12:22 Loom
14:52 Castle Age
13:01 Double-Bit Axe
13:28 Horse Collar
16:31 Bow Saw
25:44 Wheelbarrow
24:55 Town Watch
28:38 Forging
28:29 Scale Mail Armor
29:47 Hand Cart
31:22 Squires
31:08 Arson
Connection lost

Rejoining the realm…

Still unreachable

The connection could not be restored.

Session expired

The server has moved on; the page needs a fresh start.